 Dungeon Crawl Stone Soup version 0.22.0-60-ga52c2fc (webtiles) character file.

504 suicidejoker the Covert (level 7, -2/41 HPs)
             Began as an Octopode Enchanter on Sept 10, 2018.
             Was an Initiate of Ashenzari.
             Slain by an ufetubus (5 damage)
             ... summoned by Eustachio
             ... on level 4 of the Dungeon.
             The game lasted 00:04:04 (2826 turns).

suicidejoker the Covert (Octopode Enchanter)        Turns: 2826, Time: 00:04:06

Health: -2/41      AC:  1    Str:  8    XL:     7   Next: 17%
Magic:  10/10      EV: 10    Int: 22    God:    Ashenzari [......]
Gold:   97         SH:  0    Dex: 14    Spells: 9/10 levels left

rFire    + . .     SeeInvis .   a - +2 dagger
rCold    x . .     Gourm    .   (no shield)
rNeg     . . .     Faith    .   (helmet restricted)
rPois    .         Spirit   .   (no amulet)
rElec    .         Reflect  .   d - ring of fire
rCorr    .         Harm     .   g - -3 ring of evasion (curse)
MR       .....                  (no ring)
Stlth    ++++++....             (no ring)
HPRegen  0.13/turn              (no ring)
MPRegen  0.12/turn              (no ring)
                                (no ring)
                                (no ring)

@: brilliant
A: almost no armour, stealthy swim, amphibious, 8 rings, constrict 8, camouflage
1, gelatinous body 1
a: Curse Item, Renounce Religion


You were on level 4 of the Dungeon.
You worshipped Ashenzari.
Ashenzari was noncommittal.
You were hungry.

You visited 1 branch of the dungeon, and saw 4 of its levels.

You collected 97 gold pieces.

Inventory:

Hand Weapons
 a - a +2 dagger (weapon)
Missiles
 h - 2 throwing nets (quivered)
Jewellery
 d - a ring of fire (left tentacle)
 g - a cursed -3 ring of evasion (right tentacle)
 k - an uncursed ring of protection from magic
 m - a +3 ring of evasion
Wands
 b - a wand of flame (27)
Scrolls
 l - a scroll of amnesia {unknown}
Potions
 c - a potion of brilliance
 e - a potion of ambrosia {unknown}
 f - a potion of curing {unknown}
 i - 2 potions of heal wounds {unknown}
Comestibles
 j - 2 rations


   Skills:
 - Level 1.0 Short Blades
 - Level 2.0 Dodging
 + Level 11.0 Stealth
 - Level 2.0 Spellcasting
 - Level 3.0 Hexes


You had 9 spell levels left.
You knew the following spells:

 Your Spells              Type           Power        Failure   Level  Hunger
a - Corona                Hex            ####...      1%          1    #......

Your spell library contained the following spells:

 Spells                   Type           Power        Failure   Level  Hunger
 Ensorcelled Hibernation  Hex/Ice        ###...       1%          2    ##.....
 Confuse                  Hex            ####....     1%          3    ###....
 Tukima's Dance           Hex            ####....     1%          3    ###....
 Dazzling Spray           Conj/Hex       ###...       2%          3    ###....


Dungeon Overview and Level Annotations

Branches:
Dungeon (4/15)
 Temple: D:4-7

Altars:
Ashenzari
Dithmenos
Elyvilon
Yredelemnul

Annotations:
D:4 Eustachio


Innate Abilities, Weirdness & Mutations

You cannot wear most types of armour.
You are very stealthy in the water. (Stealth+)
You are amphibious.
You can wear up to eight rings at the same time.
You can use your tentacles to constrict eight enemies at once.
Your skin changes colour to match your surroundings (Stealth+).
Your rubbery body absorbs attacks. (AC +1, EV +1)


Message History

You hit Eustachio.
You squeeze Eustachio, but do no damage.
Eustachio is almost dead.
You constrict Eustachio, but do no damage.
The bat hits you.
* * * LOW HITPOINT WARNING * * *
The shadow imp hits you.
* * * LOW HITPOINT WARNING * * *
The ufetubus closely misses you. x2; The rat barely misses you.
Eustachio says, "My allies will avenge me."
Eustachio barely misses you. The quokka bites you.
* * * LOW HITPOINT WARNING * * *
The crimson imp blinks!
It was a potion of brilliance.
You feel clever all of a sudden.
You constrict Eustachio. The bat hits you but does no damage.
The ufetubus hits you.
* * * LOW HITPOINT WARNING * * *
The ufetubus hits you.
You die...

# #. ##### #.#########
....# ..........# ###<#
#....rr.# #.#
.###...b@@.#### #.#
#....5...5.5......
#.###..###....ยง..####(
#......##........#
###..##.##.#.......#
[.........###.######
#....##.##.#.##
#.#...#.###.##
#...........)#####


You could see Eustachio, a crimson imp, a shadow imp, an ufetubus, a quokka, a
bat and a rat.

Vanquished Creatures
  Sigmund (D:3)
  Edmund (D:4)
  Blork the orc (D:4)
  Natasha (thrice) (D:3)
  3 adders
  An adder skeleton (D:4)
  2 worms
  A dart slug (D:1)
  A leopard gecko (D:1)
  3 bats
  3 giant cockroaches (D:2)
  2 goblins
  3 hobgoblins
  7 jackals (D:3)
  4 kobolds
  3 frilled lizards
  16 rats
55 creatures vanquished.

Notes
Turn   | Place    | Note
-------+----------+-------------------------------------------
     0 | D:1      | suicidejoker the Octopode Enchanter began the quest for the
                  | Orb.
     0 | D:1      | Reached XP level 1. HP: 11/11 MP: 3/3
    50 | D:1      | Reached XP level 2. HP: 8/17 MP: 5/5
   296 | D:1      | Reached skill level 5 in Stealth
   960 | D:2      | Reached XP level 3. HP: 21/21 MP: 6/6
  1036 | D:2      | Reached skill level 6 in Stealth
  1644 | D:3      | Found a basalt altar of Yredelemnul.
  1656 | D:3      | Reached XP level 4. HP: 16/27 MP: 7/7
  1730 | D:3      | Found a shattered altar of Ashenzari.
  1730 | D:3      | Found a shadowy altar of Dithmenos.
  1731 | D:3      | Found a white marble altar of Elyvilon.
  1737 | D:3      | Became a worshipper of Ashenzari the Shackled
  1761 | D:3      | Reached skill level 7 in Stealth
  1944 | D:3      | Noticed Natasha
  1955 | D:3      | Killed Natasha
  1985 | D:3      | Noticed Natasha
  1995 | D:3      | Killed Natasha
  1995 | D:3      | Reached XP level 5. HP: 11/31 MP: 8/8
  2190 | D:3      | Noticed Natasha
  2199 | D:3      | Killed Natasha
  2199 | D:3      | Reached skill level 8 in Stealth
  2435 | D:3      | Noticed Sigmund
  2448 | D:3      | Killed Sigmund
  2448 | D:3      | Reached skill level 9 in Stealth
  2448 | D:3      | Reached XP level 6. HP: 29/36 MP: 9/9
  2604 | D:4      | Noticed Edmund
  2619 | D:4      | Killed Edmund
  2619 | D:4      | Reached skill level 10 in Stealth
  2619 | D:4      | Reached XP level 7. HP: 23/41 MP: 10/10
  2765 | D:4      | Noticed Blork the orc
  2772 | D:4      | Killed Blork the orc
  2772 | D:4      | Reached skill level 11 in Stealth
  2808 | D:4      | Noticed Eustachio
  2826 | D:4      | Slain by an ufetubus

Skill      XL: |  1  2  3  4  5  6  7 |
---------------+----------------------+-----
Stealth        | 5 6 7 9 10 11 | 11.0
Short Blades   | |  1.0
Dodging        | |  2.0
Spellcasting   | |  2.0
Hexes          | |  3.0

Action                   |  1- 3 |  4- 6 |  7- 9 || total
-------------------------+-------+-------+-------++-------
Melee: Dagger            |    59 |    60 |    16 ||   135
       Constrict         |    14 |    13 |     2 ||    29
       Tentacles         |    10 |    11 |     2 ||    23
       Unarmed           |       |     3 |       ||     3
  Use: Scroll            |     3 |     2 |       ||     5
       Potion            |       |     1 |     1 ||     2
 Stab: Sleeping          |    15 |     2 |     3 ||    20
  Eat: Ration            |     1 |       |       ||     1
       Chunk             |       |     1 |     1 ||     2
Armor: Skin              |     4 |     7 |     6 ||    17
Dodge: Dodged            |    20 |    39 |    15 ||    74
